[Event "10th Iberoamericano-ch 2024"]
[Site "Linares"]
[Date "2024.09.25"]
[Round "2.11"]
[White "Romero Calduch, Sergio"]
[Black "Rodriguez Vila, Andres"]
[Result "1/2-1/2"]
[ECO "A40"]
[WhiteElo "2276"]
[BlackElo "2417"]
[Annotator "TA"]
[PlyCount "101"]
[EventDate "2024.09.25"]
[EventType "swiss"]
[EventCountry "ESP"]
[SourceTitle "playchess.com"]
[Source "ChessBase"]
[SourceQuality "1"]
[TimeControl "5400+30"]

1. d4 g6 2. c4 Bg7 3. Nf3 d6 4. h3 f5 5. g4 fxg4 6. hxg4 {[%emt 0:00:06] A41: 1 d4 d6: Tartakower Systeem en Moderne Verdediging.} Bxg4 7. Ng5 $146 ({Predecessor:} 7. Bg2 Nc6 8. d5 Ne5 9. Nd4 Nf6 10. f4 Ned7 11. Nc3 a5 12. b3 Nc5 13. Ba3 {0-1 Ponizil,C (2428)-Kampman,T (2090) Vlissingen HZ op 18th 2014 (2)}) 7... h6 $1 {[%emt 0:03:18] Sterk} 8. Rg1 {[%emt 0:04:48] Zwart staat iets beter.} Qd7 {[%emt 0:02:19] OK} 9. Ne4 {[%emt 0:13:03] OK} Nc6 {[%emt 0:04:04] Fout (0.6)} (9... Nf6 $15 10. f3 Bf5 11. Nxf6+ Bxf6) 10. Be3 {[%emt 0:00:51] was de enige mogelijkheid om het evenwicht te handhaven. Fout (1.3)} (10. d5 $11) 10... Nf6 11. Nxf6+ Bxf6 ({Weersta} 11... exf6 12. Nc3 $17) 12. Nc3 {[%emt 0:04:00] OK} Bf5 {[%emt 0:01:09] OK} 13. Bg2 {[%emt 0:04:09] Beste} {Zwart zou moeten spelen} e5 {[%emt 0:02:38] Fout (1.4)} (13... Na5 $17 14. b3 O-O-O) 14. Nd5 $2 {[%emt 0:04:54] en Wit heeft geen zorgen. Verliest partij (1.7)} (14. dxe5 $1 $11 Bxe5 15. Qb3 Bxc3+ 16. Qxc3) 14... Bg7 $36 {[%emt 0:00:18][%mdl 2048] Zwart drukt behoorlijk. Beste (Gemakkelijk)} 15. dxe5 {[%emt 0:03:57] OK} Nxe5 {[%emt 0:00:15][%cal Oc7c6] ...c6! is de sterke dreiging.} 16. Qb3 {[%emt 0:07:43] OK} c6 {[%emt 0:00:11] OK} 17. Nf4 {[%emt 0:00:58] Fout (0.7)} (17. Nc3 $17) 17... Qf7 {[%emt 0:00:19][%cal Og6g5] OK} 18. Bd4 O-O {[%emt 0:01:15] Sterke dreiging met ...g5.} (18... Qxc4 $2 {verliest.} 19. Qxc4 (19. Qxb7 O-O $11) 19... Nxc4 20. Bxg7 $18) 19. O-O-O {[%emt 0:04:05] OK} g5 (19... Qxc4+ 20. Qxc4+ Nxc4 21. Nxg6 Bxg6 22. Be4 $15) (19... Nxc4 20. Bh3 Bxh3 21. Nxg6 $16) 20. Bxe5 {[%emt 0:01:14] is de enige mogelijkheid voor Wit. Fout (1.9)} (20. Bh3 Bxh3 (20... gxf4 21. Bxe5 dxe5 22. Bxf5 $14) (20... Qxc4+ $2 21. Qxc4+ Nxc4 22. Bxg7 $19) 21. Nxh3) 20... dxe5 (20... Bxe5 21. Nd3 $19) 21. Nd3 {[%emt 0:00:44] OK} e4 {[%emt 0:02:22] OK} 22. Nc5 {[%emt 0:06:36] OK} Qe7 23. Qe3 Be5 {[%emt 0:01:30] met als doel voor ...Bf4. Het loperpaar is mooi..} 24. Bh3 {[%emt 0:07:45] OK} Bxh3 25. Qxh3 Bg7 {[%emt 0:03:46] is dodelijker. Gemiste overwinning (2.1)} (25... Rxf2 26. Qxh6 Bf4+ (26... Qxc5 27. Rxg5+ Kf7 28. Rd7+) 27. Kb1 $18) (25... Qxc5 $19 26. Qxh6 Bg7 (26... Qxf2 27. Rxg5+ Kf7 28. Qg6+ Ke7 29. Rxe5#) (26... Qxc4+ 27. Kb1 $11) 27. Rxg5 Qe5 (27... Qxf2 28. Rxg7#) (27... Qxc4+ 28. Kb1 $11) 28. Rxe5 Bxh6+ 29. Kb1 Rae8 (29... Rxf2 $2 30. Rxe4 Bg7 31. Re7 $19) 30. Rxe8 Rxe8) 26. Ne6 $17 {[%emt 0:01:44] Beste} Rxf2 {[%emt 0:00:47] OK} 27. Nxg7 {[%emt 0:00:51] OK} Qxg7 (27... Kxg7 $2 {te hebberig.} 28. Rd7 Re8 29. Rxe7+ Rxe7 30. Rd1 $18) 28. Qe6+ {[%emt 0:00:38] [#] Beste} Kh8 $1 {[%emt 0:04:30] Sterk} 29. Rd7 {[%emt 0:00:31] Beste} Qf6 {[%emt 0:00:20] OK} 30. Qxe4 {[%emt 0:00:33][%csl Gd7][%cal Re4h7] OK} Qf4+ {[%emt 0:00:26] OK} 31. Qxf4 {[%emt 0:00:25] Beste} Rxf4 {[%emt 0:00:02][%mdl 4096] Eindspel. KRR-KRR. Onnauwkeurig} 32. Rh1 {[%emt 0:00:36] [#] OK} {Zwart dient te overwegen.} Rxc4+ {[%emt 0:01:52] Fout (0.9)} (32... Rf6 $1 $17 {Wit moet nu ...b6 voorkomen.} 33. Rxb7 g4) 33. Kd2 $11 {[%emt 0:00:27] OK. De stelling is in evenwicht.} Rh4 {[%emt 0:00:11] Beste (Gemakkelijk)} 34. Rf1 {[%emt 0:00:29] OK} Rf4 35. Rxf4 {[%emt 0:00:24] OK} gxf4 36. Rxb7 {[%emt 0:00:15] KR-KR. OK} a5 {[%emt 0:02:17][%cal Ba7a5,Ba5a4][%mdl 32] EV=18.20. Goes to a4 (dbg)). OK} 37. Ke1 a4 {[%emt 0:01:38] OK} 38. Kf2 c5 {[%emt 0:02:30] OK} 39. Kf3 Re8 {[%emt 0:01:53] OK} 40. Ra7 Re3+ {[%emt 0:00:11] OK} 41. Kxf4 Rxe2 {[%emt 0:00:07] OK} 42. Rxa4 {[%emt 0:00:32] OK} Rxb2 {[%emt 0:00:02] En nu zou ...Rb4+ winnen.} 43. Kf5 {[%emt 0:00:33] OK} Kg7 44. Ra7+ {[%emt 0:00:18] OK} Kf8 45. a4 Ke8 46. Ke6 {[%emt 0:00:27] Wit dreigt Ra8+ en mat. OK} Rb6+ {[%emt 0:00:38] OK} 47. Kd5 h5 {[%emt 0:00:07] OK} 48. Rh7 Ra6 {[%emt 0:00:14] OK} 49. Rxh5 Rxa4 {[%emt 0:00:06] OK} 50. Rh8+ Kf7 {[%emt 0:00:05] OK} 51. Kxc5 {[%emt 0:00:05] Wit kan nog net een remise eruit slepen.   Blunder waarde: Wit=0.25 (precies) /Zwart=0.21 (precies) . OK.  Verliest partij:   	Wit=1      	---        Gemiste overwinning: 	---       	Zwart=1      Fout:        	Wit=3      	Zwart=3      Onnauwkeurig:    	---       	Zwart=1      OK:         	Wit=20     	Zwart=19     Beste:        	Wit=5      	Zwart=2      Sterk:        	---       	Zwart=2} 1/2-1/2

[Event "10th Iberoamericano-ch 2024"]
[Site "Linares"]
[Date "2024.09.25"]
[Round "2.12"]
[White "Garcia Ramos, Daniel"]
[Black "Giron, Jorge Ernesto"]
[Result "1-0"]
[ECO "B90"]
[WhiteElo "2415"]
[BlackElo "2276"]
[Annotator "TA"]
[PlyCount "69"]
[EventDate "2024.09.25"]
[EventType "swiss"]
[EventCountry "ESP"]
[SourceTitle "playchess.com"]
[Source "ChessBase"]
[SourceQuality "1"]
[TimeControl "5400+30"]

1. e4 c5 2. Nf3 d6 3. d4 cxd4 4. Nxd4 Nf6 5. Nc3 a6 6. f3 e5 7. Nb3 Be6 8. Be3 Be7 9. Qd2 Nbd7 10. g4 b5 11. g5 Nh5 12. Rg1 O-O 13. Nd5 {[%emt 0:05:01] Against Nb6} Bxd5 14. exd5 {[%emt 0:00:42] The position is equal.} f5 15. gxf6 Bxf6 {[%emt 0:01:00] And now ...Bh4+ would win.} 16. O-O-O a5 (16... Nb6 $11 {remains equal.}) 17. Bxb5 $16 {[%emt 0:12:14] Black is now going downhill.} a4 {[%emt 0:00:07] [#] Black is weak on the light squares} 18. Na5 {[%emt 0:00:09] White has more active pieces.} Rxa5 19. Bxd7 {[%emt 0:00:19] A strong pair of Bishops.} Qc7 ({Black should try} 19... Ra8 20. Bc6 Rb8) 20. Bc6 $36 {[%emt 0:10:15][%mdl 2048] White is on the roll.} Rb8 21. c3 Kh8 22. Qc2 Nf4 23. Rg4 (23. Bxa4 Ne2+ (23... Nxd5 24. Bd2 $14) 24. Kd2 (24. Qxe2 Rxa4 25. Kc2 e4 $19) 24... Nxg1 25. Rxg1 Qc8 $17 (25... Rxd5+ 26. Kc1 $17)) 23... Ra6 24. Kb1 ({And not} 24. Bxa4 h5 25. Rxf4 exf4 $11) 24... Qa5 {[%emt 0:12:33] [#]} (24... a3 $16 {might work better.} 25. b3 Rxc6 26. dxc6 Qxc6) 25. a3 $1 $18 h5 26. Rgg1 Ne6 27. Rg6 Nf8 (27... Nf4) 28. Rg2 Ne6 29. Qf5 {[%emt 0:02:57] Against Nf4} Qxc3 30. Qxh5+ Kg8 31. Be8 (31. Qe8+ Rxe8 32. bxc3 Rb8+ 33. Rb2 Rxb2+ 34. Kxb2 Ng5 $18) 31... Nd8 {[%emt 0:02:48] [#] Wards off Bf7+} 32. Bg6 Nc6 33. Qh7+ Kf8 34. Qh8+ (34. dxc6 $142 Qxc6 35. Qh8+ Ke7 36. Qxb8 Ra8 37. Qb4 Rf8 38. Rxd6 Qxd6 39. Bc5 (39. Qxa4 Rd8 $18)) 34... Ke7 {[%emt 0:00:03] [#]} 35. Qxb8 $3 {[%emt 0:00:07][%mdl 512] Weighted Error Value: White=0.37/Black=0.70.  Mistake:       	---       	Black=4      Inaccurate:     	White=2     	Black=3      OK:         	White=7     	Black=5      Best:        	White=2     	Black=2      Brilliant:      	White=1     	---} 1-0

[Event "10th Iberoamericano-ch 2024"]
[Site "Linares"]
[Date "2024.09.25"]
[Round "2.13"]
[White "Gavarrete, Nahun"]
[Black "Merario Alarcon, Andres"]
[Result "1/2-1/2"]
[ECO "B33"]
[WhiteElo "2272"]
[BlackElo "2408"]
[Annotator "TA"]
[PlyCount "80"]
[EventDate "2024.09.25"]
[EventType "swiss"]
[EventCountry "ESP"]
[SourceTitle "playchess.com"]
[Source "ChessBase"]
[SourceQuality "1"]
[TimeControl "5400+30"]

1. e4 c5 2. Nf3 Nc6 3. d4 cxd4 4. Nxd4 Nf6 5. Nc3 e5 6. Ndb5 d6 7. Bg5 a6 8. Na3 b5 9. Nd5 Be7 10. Bxf6 Bxf6 11. c4 O-O ({Better is} 11... b4 $11 12. Nc2 a5) 12. cxb5 $14 Nd4 13. b6 Rb8 {[%emt 0:01:16] White is slightly better.} 14. Nc4 Be6 15. Bd3 Bxd5 16. exd5 Qd7 17. O-O {[%emt 0:01:10] And now a4 would win.} Bd8 $1 18. f4 Bxb6 19. Kh1 Rfe8 20. Re1 f6 21. Rc1 Ba7 22. fxe5 dxe5 23. d6 g6 24. Qd2 Rbd8 25. Qh6 {[%emt 0:05:18][%cal Oc4e5] [#] Hoping for Nxe5!} Nf5 26. Bxf5 Qxf5 27. Nd2 {[%emt 0:05:50][%cal Bc4d2,Bd2e4,Be4g3,Bg3f5,Bf5e7,Be7d5][%mdl 32] Threatens to win with Rc7.} Qh5 ({Black should play} 27... Rxd6 $11 28. Ne4 Rd7) 28. Qxh5 gxh5 29. Ne4 {[%emt 0:01:04] White is more active.} Rf8 30. Rf1 ({White should try} 30. Rc6 $14) 30... f5 $11 31. Ng3 Rxd6 32. Nxf5 Rdf6 33. Ne7+ Kg7 34. Rxf6 Rxf6 {[%emt 0:00:26][%mdl 4096] Endgame. KRB-KRN} 35. g3 Bd4 36. Rc2 e4 37. Nd5 Rf1+ 38. Kg2 Rg1+ 39. Kh3 Kg6 40. Nf4+ Kf5 {Weighted Error Value: White=0.10 (very precise) /Black=0.12 (very precise) .  Mistake:       	White=1     	Black=1      Inaccurate:     	White=2     	Black=2      OK:         	White=11    	Black=10     Best:        	White=3     	Black=3      Strong:       	---       	Black=1} 1/2-1/2

[Event "10th Iberoamericano-ch 2024"]
[Site "Linares"]
[Date "2024.09.25"]
[Round "2.14"]
[White "Zambrana, Osvaldo"]
[Black "Mingarro Carceller, Sergi"]
[Result "0-1"]
[ECO "B94"]
[WhiteElo "2405"]
[BlackElo "2273"]
[Annotator "RC"]
[PlyCount "84"]
[EventDate "2024.09.25"]
[EventType "swiss"]
[EventCountry "ESP"]
[SourceTitle "playchess.com"]
[Source "ChessBase"]
[SourceQuality "1"]
[TimeControl "5400+30"]

1. e4 c5 2. Nf3 d6 3. d4 cxd4 4. Nxd4 Nf6 5. Nc3 a6 6. Bg5 Nbd7 7. Qe2 h6 8. Bh4 g6 9. f4 e5 10. fxe5 dxe5 11. O-O-O Qc7 12. Nb3 b5 13. Nd5 Nxd5 14. exd5 Bd6 15. Qd2 f5 16. g4 f4 17. Bd3 Kf7 18. g5 h5 19. Be4 a5 20. Qd3 a4 21. Nd2 Nc5 22. Qc3 b4 23. Qf3 Bg4 24. Qg2 b3 25. Kb1 bxa2+ 26. Kxa2 Bxd1 27. Rxd1 Rhb8 28. Qe2 a3 29. b3 Na4 30. Qd3 Nc3+ 31. Ka1 Nxd1 32. Bxg6+ Kg7 33. Ne4 Ne3 34. c4 Qb6 35. Nxd6 Qxd6 36. Be4 a2 37. Qc3 Rc8 38. Be1 Ra3 39. Qb2 Nxc4 40. bxc4 Rxc4 41. Qb7+ Rc7 42. Bb4 Qd7 0-1

[Event "10th Iberoamericano-ch 2024"]
[Site "Linares"]
[Date "2024.09.25"]
[Round "2.15"]
[White "Ruiz Buendia, Miguel"]
[Black "Matamoros Franco, Carlos S."]
[Result "1/2-1/2"]
[ECO "B12"]
[WhiteElo "2269"]
[BlackElo "2404"]
[Annotator "RC"]
[PlyCount "32"]
[EventDate "2024.09.25"]
[EventType "swiss"]
[EventCountry "ESP"]
[SourceTitle "playchess.com"]
[Source "ChessBase"]
[SourceQuality "1"]
[TimeControl "5400+30"]

1. e4 c6 2. d4 d5 3. e5 c5 4. Nf3 Nc6 5. dxc5 Bg4 6. c3 e6 7. Be3 Bxf3 8. Qxf3 a6 9. Qg3 h5 10. h4 Nh6 11. Bxh6 Rxh6 12. Bd3 Qc7 13. f4 O-O-O 14. Nd2 f6 15. Nf3 Bxc5 16. O-O-O Kb8 1/2-1/2

[Event "10th Iberoamericano-ch 2024"]
[Site "Linares"]
[Date "2024.09.25"]
[Round "2.16"]
[White "Veiga, Jose Francisco R P N"]
[Black "Noboa Silva, Kevin"]
[Result "1/2-1/2"]
[ECO "C10"]
[WhiteElo "2404"]
[BlackElo "2270"]
[Annotator "TA"]
[PlyCount "133"]
[EventDate "2024.09.25"]
[EventType "swiss"]
[EventCountry "ESP"]
[SourceTitle "playchess.com"]
[Source "ChessBase"]
[SourceQuality "1"]
[TimeControl "5400+30"]

1. e4 e6 2. d4 d5 3. Nd2 dxe4 4. Nxe4 Nd7 5. Nf3 Ngf6 6. Bd3 Nxe4 7. Bxe4 Nf6 8. Bd3 c5 9. O-O cxd4 10. Nxd4 Be7 11. Re1 O-O 12. c3 a6 13. Bf4 Nd5 14. Be5 Bf6 15. Qh5 {[%emt 0:27:52][%csl Gd3][%cal Rh5h7] [#]} g6 {[%emt 0:06:54] White has an edge.} 16. Qh6 (16. Qe2 {simplifies} Qb6 17. Rab1 Rd8 18. Bxf6 Nxf6 19. Nf3) 16... Bxe5 17. Rxe5 Qf6 18. Rae1 Bd7 (18... b5 $5) 19. Bc4 Bc6 20. f3 Rfd8 21. Kf2 a5 22. a3 Rac8 23. Kg3 Rd6 24. Ba2 Rcd8 25. h4 Qg7 26. Qxg7+ Kxg7 27. Nb3 b6 28. c4 Ne7 29. c5 bxc5 30. Nxa5 Nf5+ 31. Kh3 Bd5 32. Bxd5 Rxd5 33. Nc4 Rb8 34. g4 Nd4 35. Kg3 h5 36. Kf4 (36. R1e3 $11 {and White stays safe.}) 36... Nc6 $2 (36... f6 $19 37. R5e4 (37. Rxd5 $2 exd5 38. Ne3 g5+ 39. Kg3 gxh4+ 40. Kf4 Rxb2 $19) 37... f5) 37. Rxd5 $11 exd5 {[%emt 0:00:07][%mdl 4096] Endgame. KRN-KRN} 38. Nd6 hxg4 39. fxg4 Rxb2 40. Ne8+ Kf8 41. Nf6 Ne7 42. Kg5 (42. Nd7+ $11 {remains equal.} Ke8 43. Nxc5) 42... c4 $17 43. Nd7+ Ke8 44. Ne5 Rb6 {[%emt 0:00:30] [#] Wards off Nc6. Hoping for ...f6+.} 45. Kf4 c3 (45... Re6 $17 {[%cal Og6g5] ...g5+! would now be deadly.} 46. Nf3 Ra6) 46. Ke3 $15 Re6 47. Kd3 {[%emt 0:00:01] The position is equal.} Nc6 48. Nf3 Rxe1 (48... d4 {looks sharper.} 49. h5 Rxe1 50. Nxe1 gxh5 51. gxh5 f5) 49. Nxe1 $11 {[%emt 0:00:01] KN-KN} Ne5+ (49... d4 {keeps more tension.} 50. Ke4 f6 51. Kd5 f5) 50. Kxc3 Nxg4 51. Kd4 Nf6 52. Ke5 Ke7 53. Nf3 Ng4+ 54. Kxd5 Kd7 55. a4 Kc7 56. Ng5 Ne3+ 57. Kc5 Nf5 58. Nxf7 Nxh4 59. a5 Nf5 60. a6 Ne7 61. Nd6 Nc8 62. Nb5+ Kb8 63. Kd5 Na7 64. Nxa7 Kxa7 65. Ke5 Kxa6 66. Kf6 Kb6 67. Kxg6 {[%emt 0:00:04] Weighted Error Value: White=0.13 (very precise) /Black=0.10 (very precise) .  Missed win:     	---       	Black=1      Mistake:       	White=2     	Black=1      Inaccurate:     	---       	Black=3      OK:         	White=20    	Black=22     Best:        	White=4     	Black=2} 1/2-1/2

[Event "10th Iberoamericano-ch 2024"]
[Site "Linares"]
[Date "2024.09.25"]
[Round "2.17"]
[White "Moral Garcia, Serafin"]
[Black "Fernandez Sanchez, Fernando Miguel"]
[Result "0-1"]
[ECO "B72"]
[WhiteElo "2262"]
[BlackElo "2399"]
[Annotator "RC"]
[PlyCount "82"]
[EventDate "2024.09.25"]
[EventType "swiss"]
[EventCountry "ESP"]
[SourceTitle "playchess.com"]
[Source "ChessBase"]
[SourceQuality "1"]
[TimeControl "5400+30"]

1. e4 c5 2. Nf3 d6 3. d4 cxd4 4. Nxd4 Nf6 5. Nc3 g6 6. Be3 Nc6 7. f3 h5 8. Qd2 Nxd4 9. Qxd4 Bg7 10. O-O-O O-O 11. Qd2 Qa5 12. Bc4 Be6 13. Bxe6 fxe6 14. Kb1 Nd7 15. Bd4 Bxd4 16. Qxd4 Rac8 17. Ne2 Ne5 18. Qd2 Qb6 19. Qd4 Qa6 20. Nc1 Rc4 21. Qd2 Rfc8 22. c3 b5 23. Qg5 b4 24. Qxe7 bxc3 25. Rxd6 cxb2 26. Qxe6+ Kh7 27. Nb3 Qb5 28. Kxb2 Nd3+ 29. Rxd3 Rc2+ 30. Ka3 Qxd3 31. Qf7+ Kh6 32. Qf4+ Kg7 33. Qe5+ Kf7 34. Qd5+ Qxd5 35. exd5 Rxg2 36. Nd4 Rd2 37. Nb3 Rxd5 38. f4 Rc4 39. Rf1 Kf6 40. Kb2 Kf5 41. Re1 a5 0-1

[Event "10th Iberoamericano-ch 2024"]
[Site "Linares"]
[Date "2024.09.25"]
[Round "2.18"]
[White "Ynojosa Aponte, Felix Jose"]
[Black "Palma Villanueva, Miguel Tadeo"]
[Result "1-0"]
[ECO "A10"]
[WhiteElo "2398"]
[BlackElo "2266"]
[Annotator "TA"]
[PlyCount "75"]
[EventDate "2024.09.25"]
[EventType "swiss"]
[EventCountry "ESP"]
[SourceTitle "playchess.com"]
[Source "ChessBase"]
[SourceQuality "1"]
[TimeControl "5400+30"]

1. c4 g6 2. d4 Bg7 3. Nc3 c5 4. d5 Bxc3+ 5. bxc3 e5 6. e4 d6 7. Bd3 Nd7 8. Ne2 {[%emt 0:00:29] White is better.} h5 9. Be3 (9. h4 $16) 9... h4 $1 $14 10. Qd2 Qe7 11. h3 f6 12. Bc2 g5 13. a4 Qg7 14. a5 Kd8 15. Ba4 {White is much more active.} Ne7 16. Nc1 (16. f3 $14) 16... Ng6 ({Black should try} 16... f5 $1 $15 17. exf5 (17. Bxg5 Rg8 $11) 17... Nf6) 17. Nb3 Nf4 18. Rh2 (18. f3 $11 {remains equal.}) 18... Qh7 (18... f5 $142 $1 19. f3 (19. exf5 $2 Nf6 $17) 19... Nf6) 19. Qc2 {[%emt 0:01:07] [#]} f5 $1 20. g3 fxe4 (20... hxg3 $17 21. fxg3 fxe4 (21... Nxh3 22. Bxg5+ Kc7 23. O-O-O $11)) 21. gxf4 gxf4 22. Bxd7 Bxd7 {[%emt 0:06:06] [#]} 23. Bxc5 dxc5 24. Nxc5 e3 $1 25. Qb2 (25. Nxb7+ Kc7 26. Qxh7 Rxh7 $11) 25... exf2+ (25... Rg8 $16 26. O-O-O (26. Qxb7 $2 Rc8 $19) (26. Nxb7+ Kc7 $17) 26... b6 27. Nxd7 (27. axb6 axb6 28. Nxd7 e2 $14) 27... Qxd7) 26. Rxf2 $18 {[%emt 0:01:18] Black must now prevent 0-0-0.} Rb8 (26... Bxh3 27. O-O-O $16) 27. O-O-O (27. Nxb7+ Ke8 28. a6 Bxh3 $16) 27... Kc8 (27... Bxh3 28. Ne6+ Kc8 29. Qb5 Bxe6 30. dxe6 $18) 28. Qa3 Re8 (28... Bxh3 29. d6 Kd8 30. a6 $18) 29. d6 {[%emt 0:00:43] Strongly threatening Qb4.} e4 $2 (29... Qg6 30. Na6 Qe4 (30... bxa6 $2 31. Qc5+ Kb7 32. Rb2+ $18) 31. Qc5+ (31. Nxb8 Kxb8 32. Qb4 Rc8 $11) 31... Qc6 32. Qxc6+ (32. Qxa7 $2 bxa6 33. Rd5 Qb7 $19) 32... Bxc6 33. Nxb8 Kxb8) 30. Nxd7 {[%emt 0:02:26] White is clearly winning.} (30. Rxf4 Qh6 31. Rdf1 Qxd6 $16 (31... Bxh3 $2 32. d7+ Bxd7 33. Nxd7 $18) (31... Rf8 $2 32. Ne6 $18)) 30... Kxd7 31. Qc5 (31. Rxf4 Qh6 32. Rdf1 (32. Qa4+ $2 Kd8 $19) 32... Rf8 $11) 31... Rec8 {[%emt 0:00:19] Dodges Qc7+} 32. Qb5+ ({Weaker is} 32. Qxa7 Qg7 33. Kb2 Rxc4 $16) 32... Rc6 33. Rxf4 {[%emt 0:00:23] White wants to mate with Rdf1.} a6 34. Qd5 Rf8 {Dodges Rf7+} 35. Rxe4 (35. Rxf8 $142 Qh6+ 36. Kb2 Qxf8 37. Qxe4) 35... Qh6+ 36. Kb1 (36. Kc2 $142 Qf6 37. Re7+ Kd8 38. Rxb7 Qf2+ 39. Kb3) 36... Qg6 37. Qe5 Re8 {[#] Against Qe7+} 38. Qe7+ $3 {[%emt 0:00:36][%mdl 512] Weighted Error Value: White=0.30/Black=0.31.  Mistake:       	White=3     	Black=5      Inaccurate:     	White=2     	Black=3      OK:         	White=6     	Black=6      Best:        	White=3     	Black=1      Strong:       	---       	Black=3      Brilliant:      	White=1     	---} 1-0

[Event "10th Iberoamericano-ch 2024"]
[Site "Linares"]
[Date "2024.09.25"]
[Round "2.19"]
[White "Horcajuelo Rocamora, Martin"]
[Black "Jimenez Ruano, Adrian"]
[Result "1-0"]
[ECO "A75"]
[WhiteElo "2394"]
[BlackElo "2255"]
[Annotator "TA"]
[PlyCount "80"]
[EventDate "2024.09.25"]
[EventType "swiss"]
[EventCountry "ESP"]
[SourceTitle "playchess.com"]
[Source "ChessBase"]
[SourceQuality "1"]
[TimeControl "5400+30"]

1. d4 Nf6 2. c4 e6 3. Nf3 c5 4. d5 d6 5. Nc3 exd5 6. cxd5 g6 7. e4 a6 8. Be2 Bg7 9. O-O O-O 10. a4 Bg4 11. Bf4 Re8 12. Nd2 Bxe2 13. Qxe2 Nh5 14. Be3 Nd7 15. g4 Nhf6 16. h3 Rb8 17. Bf4 Ne5 {[%emt 0:04:02] White is slightly better.} 18. Bg3 b5 19. axb5 axb5 20. Nxb5 Qb6 {[%emt 0:04:25] Wards off Ra6} 21. Bxe5 dxe5 (21... Rxe5 $16 22. Nc3 Qb7) 22. Na3 $18 Qxb2 23. Nac4 Qc3 (23... Qb5 24. Qf3 Qd7) 24. Ra3 $1 Qc2 25. Qe3 {[%emt 0:00:50][%cal Of1a1] Inhibits Bh6.} Rb4 26. Rc3 Qa4 27. Qxc5 Nd7 (27... Bf8 $142 28. d6 Rb7) 28. Qe3 Bf8 29. d6 (29. Kg2 $18) 29... Qa6 $16 30. Ra3 Qc6 31. Rc3 Qa6 $1 {[%emt 0:00:43] [#]} 32. Qd3 $1 Re6 {[%emt 0:00:20] [#]} ({Black should try} 32... Rd8) 33. Ra3 $1 ({Resist} 33. Nxe5 $6 Qxd6 34. Qxd6 (34. Nxd7 Rd4 $11) 34... Rxd6 $11) 33... Qc6 34. Ra7 ({Only move:} 34. Qd5 $16 Qxd5 35. exd5) 34... Bxd6 $11 35. Qd5 Nb8 36. Ra8 $36 {[%emt 0:01:19][%mdl 2048] White has good play.} Kg7 37. Rb1 Rxb1+ 38. Nxb1 {[%emt 0:00:01] Hoping for Nc3. A dynamic duo of knights.} Bc7 39. Nc3 {[%emt 0:01:13] And now Nb5 would win.} Qd7 (39... Na6 $11 {and Black is okay.} 40. Nb5 Bb8) 40. Rxb8 $18 Qc6 {Weighted Error Value: White=0.20 (precise) /Black=0.47.  Loses game:     	---       	Black=1      Mistake:       	White=2     	Black=5      Inaccurate:     	White=3     	Black=2      OK:         	White=6     	Black=7      Best:        	White=3     	Black=3      Strong:       	White=3     	Black=1} (40... Qxd5 $142 41. exd5 Bxb8) 1-0

[Event "10th Iberoamericano-ch 2024"]
[Site "Linares"]
[Date "2024.09.25"]
[Round "2.20"]
[White "Masague Artero, Guerau"]
[Black "Leiva, Gianmarco"]
[Result "0-1"]
[ECO "A08"]
[WhiteElo "2251"]
[BlackElo "2389"]
[Annotator "TA"]
[PlyCount "115"]
[EventDate "2024.09.25"]
[EventType "swiss"]
[EventCountry "ESP"]
[SourceTitle "playchess.com"]
[Source "ChessBase"]
[SourceQuality "1"]
[TimeControl "5400+30"]

1. Nf3 d5 2. g3 c5 3. Bg2 g6 4. c4 d4 5. b4 Bg7 6. d3 {[%emt 0:17:47] A08: King's Indian Attack.} e5 7. O-O Ne7 8. bxc5 Nd7 9. Ba3 Qc7 {[%emt 0:01:11] [#]} 10. c6 $146 (10. Qb3 $1 $16 ) ({Predecessor:} 10. Qa4 O-O 11. Nbd2 Nxc5 12. Qb4 b6 13. Nxd4 Bb7 14. Bxb7 Qxb7 15. N4b3 Nxb3 16. Nxb3 {0-1 Sharafiev,A (2415)-Inarkiev,E (2664) RUS-chT rapid 2015 (2.8)}) 10... bxc6 $14 11. Nbd2 Rb8 $1 12. Nb3 Nb6 (12... c5 $14) 13. Nfd2 O-O 14. Bxe7 Qxe7 15. Na5 $1 Bd7 (15... c5 $2 16. Nc6 Qc7 17. Nxb8 $18) 16. Nxc6 (16. Bxc6 Bh3 $11) 16... Bxc6 17. Bxc6 Rfc8 18. Bg2 Qa3 19. Qc1 Qxc1 20. Rfxc1 Bh6 21. Rc2 Bxd2 22. Rxd2 Na4 23. Rf1 Nc3 24. f4 Rc5 25. Bd5 Nxd5 26. cxd5 Rxd5 27. fxe5 Re8 28. Rf6 Rexe5 29. Rc2 a5 30. Ra6 h5 31. Ra7 Rf5 32. Kg2 Rd6 33. h3 Rdf6 34. g4 hxg4 35. hxg4 Rg5 36. Kg3 Rf1 37. Kh4 Re5 38. Kg3 g5 39. Rcc7 (39. Kg2 Rf4 40. Rac7 Rxg4+ 41. Kf3 Rf4+ 42. Kg2 Rg4+ 43. Kf3 Rg1) 39... Kf8 40. Ra8+ ({Avoid the trap} 40. Kg2 $2 Rf4 41. Rc2 Rxg4+ 42. Kf2 Kg7 $17) 40... Kg7 41. Raa7 $2 (41. Kg2 $2 Rf4 (41... Rxe2+ $2 {perishes.} 42. Kxf1 Re3 43. Rxa5 $18) 42. Rc2 Rxg4+ 43. Kf2 Rf5+ 44. Ke1 Rg1+ 45. Kd2 g4 $19) (41. Rcc8 $1 $11) 41... Rxe2 $19 42. Rxa5 {[%emt 0:00:06] [#]} Rg1+ $2 (42... Kg6 $1 $19 43. Rf5 Re3+ (43... Rxf5 44. gxf5+ Kf6 45. a4 $17) 44. Kg2 Rxf5 45. gxf5+ Kf6 (45... Kxf5 46. Rxf7+ Kg4 47. Rd7 $19)) 43. Kf3 $11 Re3+ 44. Kf2 Rxg4 45. Rf5 Rf4+ 46. Rxf4 gxf4 47. a4 (47. Rc4 $1 $11 {keeps the balance.}) 47... Rxd3 $17 48. a5 Kf6 49. a6 Ra3 50. a7 Ke6 (50... d3 {looks sharper.} 51. Rd7 d2 52. Ke2 Ke6) 51. Rb7 f6 52. Rc7 Kd5 53. Ke2 f3+ (53... Kd6 $17 54. Rf7 d3+ 55. Kf3 Ke6) 54. Kf2 $11 Ke4 55. Kg3 Ke3 56. Rd7 $2 {[%emt 0:00:53][%mdl 8192] [#]} (56. Re7+ $11 Kd2 57. Rb7) 56... Ke2 $1 57. Re7+ Kf1 58. a8=Q 0-1